 Dungeon Crawl Stone Soup version 0.25-a0-578-gc91f01c (webtiles) character file.

Game seed: 2026376258939692297, levelgen mode: deterministic

36478 15 the Thaumaturge (level 13, -2/74 HPs)
             Began as a Deep Elf Fire Elementalist on Mar 4, 2020.
             Was an Elder of Vehumet.
             Slain by a red ugly thing (20 damage)
             ... on level 15 of the Dungeon on Mar 5, 2020.
             The game lasted 02:08:31 (19456 turns).

15 the Thaumaturge (Deep Elf Fire Elementalist)    Turns: 19456, Time: 02:08:33

Health: -2/74      AC:  8    Str:  9    XL:     13   Next: 53%
Magic:  10/32      EV: 18    Int: 22    God:    Vehumet [****..]
Gold:   340        SH:  7    Dex: 18    Spells: 1/38 levels left

rFire    . . .     SeeInvis .   I - +1 rapier (holy)
rCold    . . .     Gourm    .   B - +2 buckler
rNeg     . . .     Faith    .   O - +1 robe {MR+}
rPois    +         Spirit   .   (no helmet)
rElec    .         Reflect  .   S - scarf {repulsion}
rCorr    .         Harm     .   V - +1 pair of gloves of Rationality {Dex+3}
MR       ++...                  X - +2 pair of boots {Fly}
Stlth    +++.......             (no amulet)
HPRegen  0.22/turn              T - ring of poison resistance
MPRegen  0.23/turn              d - ring of wizardry

@: flying, very slightly contaminated, repel missiles
A: no striking features
a: Renounce Religion, Stop Flying


You were on level 15 of the Dungeon.
You worshipped Vehumet.
Vehumet was greatly pleased with you.
You were not hungry.

You visited 2 branches of the dungeon, and saw 16 of its levels.
You also visited: Sewer and Ossuary.

You collected 789 gold pieces.
You spent 449 gold pieces at shops.

Inventory:

Hand Weapons
 b - a +0 mace of protection
 v - a +2 dagger of draining
 x - a +2 dagger of venom
 y - the +7 trident "Vualic" {freeze, rPois rC+ Int-4 Dex+3}
   (You found it on level 15 of the Dungeon)

   It has been specially enchanted to freeze those struck by it, causing extra
   injury to most foes and up to half again as much damage against particularly
   susceptible opponents.
   It can also slow down cold-blooded creatures.
   It affects your intelligence (-4).
   It affects your dexterity (+3).
   It protects you from cold.
   It protects you from poison.
 I - a +1 rapier of holy wrath (weapon)
Armour
 B - a +2 buckler (worn)
 O - a +1 robe of magic resistance (worn)
 S - a scarf of repulsion (worn)
 V - the +1 pair of gloves of Rationality (worn) {Dex+3}
   (You found it on level 10 of the Dungeon)

   It affects your dexterity (+3).
   If you remove this armour, your AC will decrease by 2 (8 -> 6).
 X - a +2 pair of boots of flying (worn)
 Y - a +2 leather armour of cold resistance
Magical Staves
 R - an uncursed staff of death
 W - an uncursed staff of air
Jewellery
 a - an uncursed ring of fire
 d - a ring of wizardry (right hand)
 l - an uncursed ring of protection from fire
 m - an uncursed ring of protection from fire
 o - an uncursed ring of protection from cold
 q - a +2 ring of dexterity
 J - an uncursed ring of protection from cold
 N - an uncursed ring of positive energy
 T - a ring of poison resistance (left hand)
Wands
 g - a wand of disintegration (10)
 D - a wand of enslavement (16)
 H - a wand of flame (38)
 Q - a wand of clouds (1)
 U - a wand of polymorph (5)
 Z - a wand of paralysis (15)
Scrolls
 e - a scroll of fear
 f - 3 scrolls of amnesia
 i - 2 scrolls of immolation
 j - 4 scrolls of enchant armour
 k - 6 scrolls of remove curse
 n - a scroll of blinking
 r - 3 scrolls of enchant weapon
 F - a scroll of teleportation
 K - 2 scrolls of magic mapping
Potions
 h - 12 potions of curing
 p - 4 potions of stabbing
 s - 2 potions of magic
 t - 2 potions of cancellation
 u - 3 potions of haste
 w - 7 potions of might
 z - 3 potions of heal wounds
 A - 2 potions of brilliance
 C - 3 potions of lignification
 E - a potion of mutation
 G - 3 potions of berserk rage
Miscellaneous
 P - a sack of spiders
Comestibles
 c - 29 rations


   Skills:
 * Level 5.7 Fighting
 - Level 4.2 Short Blades
 + Level 1.3 Maces & Flails
 + Level 2.0 Throwing
 * Level 5.3 Armour
 * Level 8.5 Dodging
 - Level 4.7 Stealth
 * Level 4.0 Shields
 + Level 1.6 Unarmed Combat
 * Level 13.1 Spellcasting
 * Level 10.1 Conjurations
 * Level 9.1 Hexes
   Level 2.8 Charms
   Level 2.3 Necromancy
 + Level 1.2 Translocations
 + Level 2.2 Transmutations
 * Level 9.9 Fire Magic
 + Level 1.2 Ice Magic
 + Level 1.4 Air Magic
 + Level 1.2 Poison Magic
 * Level 6.7 Evocations


You had one spell level left.
You knew the following spells:

 Your Spells              Type           Power        Failure   Level  Hunger
a - Foxfire               Conj/Fire      ####         1%          1    None
b - Conjure Flame         Conj/Fire      ######..     1%          3    None
c - Inner Flame           Hex/Fire       ######..     1%          3    None
d - Sticky Flame          Conj/Fire      ######..     1%          4    None
e - Fireball              Conj/Fire      ######....   1%          5    ###....
f - Mephitic Cloud        Conj/Pois/Air  ####....     1%          3    None
g - Blink                 Tloc           N/A          1%          2    None
h - Freeze                Ice            ###.         1%          1    None
i - Tukima's Dance        Hex            ######..     1%          3    None
j - Static Discharge      Conj/Air       #####...     1%          3    None
k - Fulminant Prism       Conj/Hex       ######....   1%          4    None
l - Irradiate             Conj/Tmut      #####.....   1%          5    ###....

Your spell library contained the following spells:

 Spells                   Type           Power        Failure   Level  Hunger
 Corona                   Hex            ######.      1%          1    None
 Magic Dart               Conj           ####         1%          1    None
 Sandblast                Erth           ##....       1%          1    None
 Summon Small Mammal      Summ           ##..         1%          1    None
 Ensorcelled Hibernation  Hex/Ice        #####.       1%          2    None
 Passwall                 Tmut/Erth      ###.....     1%          2    None
 Searing Ray              Conj           ######       1%          2    None
 Slow                     Hex            ######..     1%          2    None
 Confusing Touch          Hex            ######..     1%          3    None
 Dazzling Flash           Conj/Hex       ######       1%          3    None
 Frozen Ramparts          Ice            ###...       1%          3    None
 Stone Arrow              Conj/Erth      #####.       1%          3    None
 Summon Guardian Golem    Hex/Summ       ####....     1%          3    None
 Cause Fear               Hex            ######....   1%          4    None
 Hailstorm                Conj/Ice       #####...     1%          4    None
 Iskenderun's Mystic Bla  Conj/Tloc      #####...     1%          4    None
 Call Imp                 Summ           ##......     2%          2    None
 Ozocubu's Armour         Chrm/Ice       ###.....     2%          3    None
 Call Canine Familiar     Summ           ##......     5%          3    None
 Silence                  Hex/Air        #####.....   6%          5    ###....
 Darkness                 Hex            ######....   6%          6    #####..
 Conjure Ball Lightning   Conj/Air       #####.....   7%          6    #####..
 Petrify                  Tmut/Erth      ###.....     12%         4    None
 Summon Lightning Spire   Summ/Air       ###.....     13%         4    None
 Lee's Rapid Deconstruct  Erth           ##........   13%         5    ###....
 Summon Ice Beast         Ice/Summ       ###.....     14%         4    None
 Borgnjor's Vile Clutch   Necr/Erth      ###.......   28%         5    ###....
 Deflect Missiles         Chrm/Air       ###.......   69%         6    #####..
 Shadow Creatures         Summ           N/A          92%         6    #####..
 Dragon Form              Tmut           ###.......   99%         7    ######.
 Dragon's Call            Summ           ##........   100%        9    #######
 Tornado                  Air            ###.......   100%        9    #######


Dungeon Overview and Level Annotations

Branches:
Dungeon (15/15)            Temple (1/1) D:7            Lair (0/6) D:10
    Orc (0/2) D:11         Vaults (0/5) D:13         Depths (0/5) D:15
  Sewer (visited)         Ossuary (visited)

Altars:
Ashenzari
Cheibriados
Dithmenos
Elyvilon
Fedhas
Gozag
Hepliaklqana
Kikubaaqudgha
Makhleb
Nemelex Xobeh
Okawaru
Qazlal
Ru
Sif Muna
Trog
Uskayaw
Vehumet
Wu Jian
Xom
Yredelemnul
Zin
The Shining One

Shops:
D:5 !   D:6 [   D:9 ?

Annotations:
D:14 1 runed translucent door, Refuc's ghost, journeyman DrTm
D:15 1 runed translucent door, Wosk's ghost, journeyman TrMo


Message History

Press: ? - help, Shift-Dir - straight line, f/p - red ugly thing
Aim: a red ugly thing (almost dead)
Okay, then.
Unknown command.
Unknown command.
Unknown command.
Unknown command.
Unknown command.
Unknown command.
Casting: Freeze (safe; 1% risk of failure)
Confirm with . or Enter, or press ? or * to list all spells.
Aiming: Freeze (safe; 1% risk of failure)
Press: ? - help, Shift-Dir - straight line, f/p - red ugly thing
Aim: a red ugly thing (almost dead)
You freeze the red ugly thing.
The red ugly thing is almost dead.
The red ugly thing tentacle-slaps you!
* * * LOW HITPOINT WARNING * * *
You are engulfed in flames!!
You die...

.......#.......#...# #...........
.......#.......#...# #...'#######
.......uu(##...#...# #...#.......
...#..###.##...#...# #...#.'####+
..#####*#.##...#...# #...#.#....#
.#*,.o,,####...#...#
#.ยง.#.#.##.#
#*,$o,,,,**#...#...###...#.#.##.#
#,.#****,,*#...#u........#.#....#
#..#,,,*,,*#...#@[..)....#.'####'
'..#,>,',,*#...#.........#.......
#..#,,,*,,*#...#...####..'#######
*,.#****,,*#...#...# #..........
##,..,,,,**#...#...# #..####.###
.##,..,,####...#...# #..# #.# #
..#######.##.......# #..# #.#
..##......##.......# #..# #.#
..##......##.......# #..# #Z#


You could see a red ugly thing.

Vanquished Creatures
  An ogre mage (D:11)
  A hydra (D:11)
  3 centaur warriors
  6 two-headed ogres
  A tengu warrior (D:14)
  An unseen horror (D:11)
  A skeletal warrior (D:13)
  2 wolf spider zombies
  A deep elf archer (D:13)
  An orange crystal statue (D:12)
  A wolf spider (D:15)
  4 deep elf magi (D:13)
  4 cyclopes
  4 manticores
  2 orc sorcerers (D:15)
  4 ugly things
  A gargoyle (D:13)
  9 centaur skeletons
  2 komodo dragons
  3 yaktaurs
  A tengu conjurer (D:14)
  A hornet (D:14)
  4 trolls
  Grinder (D:4)
  2 dancing weapons (D:12)
  6 hippogriffs
  A vampire (D:14)
  A spriggan (D:10)
  12 yaks
  2 shadows
  4 wraiths
  3 wyverns
  A golden eye (shapeshifter) (D:15)
  2 hungry ghosts
  3 vampire mosquitoes (D:15)
  An acid dragon (D:13)
  A water moccasin (D:6)
  Duvessa (D:7)
  5 porcupines (D:10)
  2 orc warriors
  4 sky beasts
  3 black bears
  2 ice beasts
  A boggart (D:13)
  5 ogres
  13 centaurs
  3 crocodiles
  10 bullfrogs
  11 big kobolds
  A gnoll sergeant (D:7)
  Dowan (D:7)
  2 water moccasin zombies (Ossuary)
  6 scorpions
  3 killer bees (D:13)
  8 howler monkeys
  9 wights
  8 crimson imps
  3 bullfrog zombies
  5 jellies
  9 orc wizards
  4 orc priests
  3 hounds
  5 bullfrog skeletons
  2 iguanas
  Terence (D:2)
  Ijyb (D:4)
  7 worker ants
  3 big kobold zombies (Ossuary)
  2 hound skeletons
  3 mummies
  2 worker ant zombies
  10 gnolls
  2 howler monkey skeletons
  3 river rats (Sewer)
  14 adders
  5 shadow imps
  6 oozes
  2 adder skeletons
  5 adder zombies
  9 worms
  A dart slug (D:1)
  12 leopard geckos
  36 orcs
  7 bats
  10 giant cockroaches
  3 gnoll zombies (Ossuary)
  12 goblins
  10 hobgoblins
  24 jackals
  14 kobolds
  4 quokkas
  6 ball pythons
  3 frilled lizards
  7 hobgoblin zombies (Ossuary)
  A jackal zombie (D:5)
  7 kobold zombies (Ossuary)
  2 leopard gecko skeletons
  2 orc zombies (Ossuary)
  A quokka skeleton (D:9)
  14 rats
  A foxfire (D:11)
  A fulminant prism (D:15)
  2 fungi (D:10)
  4 plants (D:10)
486 creatures vanquished.

Vanquished Creatures (collateral kills)
  An orc warrior (D:12)
  2 wights
  An orc wizard (D:12)
  An orc (D:9)
5 creatures vanquished.

Vanquished Creatures (others)
  5 dancing weapons
  An orc warrior (D:14)
  An orc (D:14)
  1344 foxfires
  26 fulminant prisms
  4 fungi (D:10)
1381 creatures vanquished.

Grand Total: 1872 creatures vanquished

Notes
Turn   | Place    | Note
-------+----------+-------------------------------------------
     0 | D:1      | 15 the Deep Elf Fire Elementalist began the quest for the
                  | Orb.
     0 | D:1      | Reached XP level 1. HP: 10/10 MP: 6/6
    87 | D:1      | Reached XP level 2. HP: 15/15 MP: 0/8
   505 | D:1      | Reached XP level 3. HP: 16/19 MP: 4/9
  1163 | D:2      | Learned a level 3 spell: Conjure Flame
  1167 | D:2      | Learned a level 3 spell: Inner Flame
  1517 | D:2      | Reached XP level 4. HP: 24/24 MP: 8/11
  1967 | D:2      | Reached skill level 1 in Maces & Flails
  1967 | D:2      | Reached skill level 1 in Unarmed Combat
  1967 | D:2      | Reached skill level 5 in Spellcasting
  1967 | D:2      | Reached skill level 5 in Fire Magic
  1967 | D:2      | Reached XP level 5. HP: 31/31 MP: 12/15
  2204 | D:2      | Noticed Terence
  2224 | D:2      | Killed Terence
  2399 | D:3      | Learned a level 4 spell: Sticky Flame
  2482 | D:3      | Found a shimmering altar of Xom.
  2551 | D:3      | Reached XP level 6. HP: 36/36 MP: 4/16
  2708 | D:3      | Found a shimmering altar of Xom.
  2708 | D:3      | Found a shimmering altar of Xom.
  2708 | D:3      | Found a shimmering altar of Xom.
  2768 | D:3      | Learned a level 5 spell: Fireball
  2973 | D:3      | Found a white marble altar of Elyvilon.
  2977 | D:3      | Found a blossoming altar of Fedhas.
  3372 | D:3      | Found a shadowy altar of Dithmenos.
  3511 | D:3      | Found a sparkling altar of Nemelex Xobeh.
  3701 | D:4      | Found a glowing drain.
  3727 | Sewer    | Entered a sewer
  3940 | Sewer    | Reached skill level 6 in Spellcasting
  3940 | Sewer    | Reached XP level 7. HP: 40/40 MP: 11/18
  4400 | D:4      | Reached skill level 5 in Dodging
  4408 | D:4      | Found a shattered altar of Ashenzari.
  4470 | D:4      | Reached XP level 8. HP: 45/45 MP: 8/19
  4568 | D:4      | Noticed Ijyb
  4575 | D:4      | Paralysed by Ijyb for 4 turns
  4580 | D:4      | Killed Ijyb
  4681 | D:4      | Reached skill level 5 in Conjurations
  4944 | D:4      | Noticed Grinder
  4950 | D:4      | Killed Grinder
  4950 | D:4      | Reached skill level 5 in Hexes
  5094 | D:5      | Entered Level 5 of the Dungeon
  5183 | D:5      | Reached skill level 7 in Spellcasting
  5650 | D:5      | Found Citisunk's Distillery.
  5657 | D:5      | Bought a potion of resistance for 150 gold pieces
  5657 | D:5      | Bought a potion of heal wounds for 75 gold pieces
  5712 | D:5      | Found a hazy altar of Hepliaklqana.
  5729 | D:5      | Found a stormy altar of Qazlal.
  5855 | D:5      | Noticed a moth of wrath
  5860 | D:5      | Found a bloodstained altar of Trog.
  6216 | D:6      | Reached XP level 9. HP: 49/49 MP: 12/21
  6343 | D:6      | Found an iron altar of Okawaru.
  6350 | D:6      | Found a sand-covered staircase.
  6364 | Ossuary  | Entered an ossuary
  7314 | D:6      | Learned a level 3 spell: Mephitic Cloud
  7317 | D:6      | Learned a level 2 spell: Blink
  7317 | D:6      | Found Ylue's Antique Armour Shop.
  7359 | D:6      | Found a glowing silver altar of Zin.
  7359 | D:6      | Noticed an angel
  8131 | D:7      | Found a snail-covered altar of Cheibriados.
  8143 | D:7      | Found a staircase to the Ecumenical Temple.
  8185 | Temple   | Entered the Ecumenical Temple
  8192 | Temple   | Became a worshipper of Vehumet
  8507 | D:7      | Noticed Duvessa
  8507 | D:7      | Noticed Dowan
  8518 | D:7      | Killed Duvessa
  8541 | D:7      | Killed Dowan
  9080 | D:8      | Found a hide-covered altar of Uskayaw.
  9105 | D:8      | Reached skill level 8 in Spellcasting
  9105 | D:8      | Reached skill level 1 in Translocations
  9476 | D:8      | Found a basalt altar of Yredelemnul.
  9479 | D:8      | Reached * piety under Vehumet
  9479 | D:8      | Offered knowledge of Freeze by Vehumet.
  9479 | D:8      | Reached XP level 10. HP: 56/56 MP: 18/24
  9668 | D:8      | Learned a level 1 spell: Freeze
  9947 | D:9      | Learned a level 3 spell: Tukima's Dance
 10376 | D:9      | Reached skill level 1 in Shields
 10513 | D:9      | Found Ecvehid's Magic Scroll Shop.
 10517 | D:9      | Bought a scroll of remove curse for 48 gold pieces
 10517 | D:9      | Bought a scroll of identify for 32 gold pieces
 10517 | D:9      | Bought a scroll of identify for 32 gold pieces
 11118 | D:10     | Entered Level 10 of the Dungeon
 11326 | D:10     | Reached ** piety under Vehumet
 11328 | D:10     | Offered knowledge of Searing Ray by Vehumet.
 11483 | D:10     | Found a staircase to the Lair.
 11570 | D:9      | Bought a scroll of identify for 32 gold pieces
 11570 | D:9      | Bought a scroll of identify for 32 gold pieces
 11570 | D:9      | Bought a scroll of teleportation for 48 gold pieces
 11675 | D:10     | Identified the +1 pair of gloves of Rationality {Dex+3}
                  | (You found it on level 10 of the Dungeon)
 11721 | D:10     | Found a radiant altar of Vehumet.
 12180 | D:11     | Reached skill level 9 in Spellcasting
 12228 | D:11     | Noticed an eight-headed hydra
 12240 | D:11     | Killed an eight-headed hydra
 12240 | D:11     | Reached XP level 11. HP: 37/60 MP: 9/26
 12252 | D:11     | Reached skill level 1 in Ice Magic
 12521 | D:11     | Noticed a two-headed ogre
 12537 | D:11     | Killed a two-headed ogre
 12548 | D:11     | Found a staircase to the Orcish Mines.
 12753 | D:11     | Offered knowledge of Static Discharge by Vehumet.
 12761 | D:11     | Learned a level 3 spell: Static Discharge
 12985 | D:11     | Noticed a purple ugly thing
 13159 | D:11     | Noticed a two-headed ogre
 13164 | D:11     | Killed a two-headed ogre
 13164 | D:11     | Reached skill level 10 in Spellcasting
 13164 | D:11     | Reached skill level 1 in Air Magic
 13164 | D:11     | Reached skill level 5 in Evocations
 13191 | D:11     | Killed a purple ugly thing
 13330 | D:11     | Killed an unseen horror
 13421 | D:11     | Reached *** piety under Vehumet
 13714 | D:11     | Noticed an ogre mage
 13720 | D:11     | Killed an ogre mage
 13727 | D:11     | Reached XP level 12. HP: 67/67 MP: 13/28
 13784 | D:11     | Learned a level 4 spell: Fulminant Prism
 14117 | D:12     | Offered knowledge of Ignite Poison by Vehumet.
 14300 | D:12     | Noticed a two-headed ogre
 14313 | D:12     | Killed a two-headed ogre
 14328 | D:12     | Reached skill level 11 in Spellcasting
 15206 | D:13     | Noticed a centaur warrior
 15216 | D:13     | Reached **** piety under Vehumet
 15223 | D:13     | Killed a centaur warrior
 15402 | D:13     | Offered knowledge of Iskenderun's Battlesphere by Vehumet.
 15403 | D:13     | Reached skill level 1 in Poison Magic
 15408 | D:13     | Noticed a two-headed ogre
 15489 | D:13     | Reached skill level 5 in Fighting
 15529 | D:13     | Killed a two-headed ogre
 15786 | D:13     | Reached skill level 5 in Armour
 15962 | D:13     | Reached skill level 12 in Spellcasting
 16548 | D:13     | Reached XP level 13. HP: 51/73 MP: 2/31
 16690 | D:13     | Found a gate to the Vaults.
 16974 | D:14     | Reached ***** piety under Vehumet
 17086 | D:14     | Found a runed translucent door.
 17110 | D:14     | Offered knowledge of Irradiate by Vehumet.
 17136 | D:14     | Noticed Refuc's ghost (journeyman DrTm)
 17305 | D:14     | Identified a scroll of acquirement
 17318 | D:14     | Identified 15's Compendium of the Destructive Entourage
                  | (You acquired it on level 14 of the Dungeon)
 17318 | D:14     | Identified the +12 crystal plate armour "Akheifeah" {rF+
                  | Str-5 Int+7} (You acquired it on level 14 of the Dungeon)
 17318 | D:14     | Identified the ring of Kouxum {Str+4 Int-4 SInv Stlth+}
                  | (You acquired it on level 14 of the Dungeon)
 17710 | D:15     | Entered Level 15 of the Dungeon
 18439 | D:15     | Got an ebony trident
 18499 | D:15     | Found a runed translucent door.
 18499 | D:15     | Noticed Wosk's ghost (journeyman TrMo)
 18510 | D:15     | Learned a level 5 spell: Irradiate
 18552 | D:15     | Reached skill level 10 in Conjurations
 19156 | D:14     | Identified the +7 trident "Vualic" {freeze, rPois rC+ Int-4
                  | Dex+3} (You found it on level 15 of the Dungeon)
 19372 | D:15     | Reached skill level 13 in Spellcasting
 19456 | D:15     | Slain by a red ugly thing

Levels and vault maps discovered:
D:1:      ncdulo_halloftheorcs, layout_basic, minmay_pentomino_u2
D:2:      layout_basic, first_ration, grunt_decor_mini_mirrors, uniq_terence
D:3:      layout_basic, lemuel_coloured_pillars_altar,
          nicolae_overflow_hidden_temple,
          nicolae_dithmenos_through_a_glass_darkly, old_standard_altar,
          xom_redecorated
D:4:      layout_loops_cross, marbit_many_paths, portal_sewer_entry_f,
          uniq_grinder, uniq_ijyb
D:5:      wad_pebble_path, layout_loops_ring, tgw_trog,
          nicolae_overflow_crystal_walls, serial_shops,
          nicolae_shop_temple_entry_statues_fountains, minivault_26,
          nicolae_qazlal_eye_of_the_storm
D:6:      layout_basic, zin_angel, lemuel_doored_altar, serial_shops, shop,
          gup_ossuary_entry_pyramid
D:7:      layout_basic, overflow_temple_1_default, minmay_temple_entry_junction,
          uniq_duvessa
D:8:      layout_loops_ring, old_standard_altar, basic_altar,
          minmay_misc_feat_diagonals
D:9:      layout_loops_ring, serial_shops, shop
D:10:     layout_roguey, due_lair_maze_entry_diamond, basic_altar,
          grunt_pizzeria, nicolae_zen_rock_garden
D:11:     minmay_the_grid_triangle_9x9_rhombus_thin_mashed
          [minmay_the_grid_triangle_9x9_flanged_cone,
          minmay_the_grid_triangle_9x9_prize_insulated,
          minmay_the_grid_triangle_9x9_dagger,
          minmay_the_grid_triangle_9x9_windchime], layout_small_grid
D:12:     layout_basic, minmay_statue_bubble
D:13:     layout_cave_pools, hangedman_vaults_entry_quadrant_bands,
          serial_column_ruins, column_ruins_hut, column_ruins_open_tiny,
          column_ruins_open_small, column_ruins_grid_4, hangedman_glass_teeth
D:14:     layout_rooms, ebering_ghost_reflecting_pool, grunt_decor_cap
D:15:     grunt_enter_depths_magical_seal, layout_long_grid, minivault_11,
          gammafunk_ghost_grave
Temple:   compressed_dpeg_circular_temple

Skill      XL: |  1  2  3  4  5  6  7  8  9 10 11 12 13 |
---------------+----------------------------------------+-----
Fire Magic     | 4 5 6 7 8 9 |  9.9
Fighting       | 2 3 4 5 |  5.7
Short Blades   | 3 4 |  4.2
Maces & Flails | 1 |  1.3
Throwing       | 2 |  2.0
Armour         | 2 3 4 5 |  5.3
Dodging        | 4 5 6 7 8 |  8.5
Stealth        | 4 |  4.7
Unarmed Combat | 1 |  1.6
Spellcasting   | 5 6 7 8 9 10 12 13 | 13.1
Conjurations   | 3 4 5 6 7 8 9 10 | 10.1
Hexes          | 4 5 6 7 8 9 |  9.1
Charms         | 2 |  2.8
Necromancy     | 2 |  2.3
Transmutations | 2 |  2.2
Evocations     | 2 3 4 5 6 |  6.7
Translocations | 1 |  1.2
Shields        | 1 2 3 4 |  4.0
Ice Magic      | 1 |  1.2
Air Magic      | 1 |  1.4
Poison Magic   | 1 |  1.2

Action                   |  1- 3 |  4- 6 |  7- 9 | 10-12 | 13-15 || total
-------------------------+-------+-------+-------+-------+-------++-------
Melee: Mace              |    10 |       |       |       |       ||    10
       Dagger            |    48 |    40 |    89 |   125 |    33 ||   335
       Flail             |       |     7 |       |       |       ||     7
       Falchion          |       |       |    48 |       |       ||    48
       Rapier            |       |       |    19 |    82 |     8 ||   109
 Cast: Foxfire           |    85 |   197 |   320 |   330 |    77 ||  1009
       Conjure Flame     |     2 |     4 |    10 |    10 |       ||    26
       Sticky Flame      |       |     1 |    10 |     9 |     5 ||    25
       Fireball          |       |       |    11 |    86 |    29 ||   126
       Blink             |       |       |     4 |     5 |     3 ||    12
       Mephitic Cloud    |       |       |     3 |    30 |     9 ||    42
       Inner Flame       |       |       |     2 |     3 |       ||     5
       Freeze            |       |       |       |     5 |     6 ||    11
       Tukima's Dance    |       |       |       |    17 |     8 ||    25
       Static Discharge  |       |       |       |     8 |     5 ||    13
       Fulminant Prism   |       |       |       |    17 |    10 ||    27
       Irradiate         |       |       |       |       |     2 ||     2
Evoke: Wand              |       |       |     6 |    30 |    11 ||    47
       Tin of tremorston |       |       |       |     1 |       ||     1
  Use: Scroll            |       |     6 |     6 |    19 |     9 ||    40
       Potion            |       |     1 |     8 |     5 |       ||    14
 Stab: Sleeping          |     3 |       |     1 |     1 |       ||     5
       Distracted        |       |     1 |       |       |       ||     1
       Paralysed         |       |       |     2 |     4 |     2 ||     8
       Confused          |       |       |     1 |     2 |     1 ||     4
  Eat: Chunk             |     2 |     8 |    16 |    29 |     4 ||    59
       Ration            |       |       |     2 |     3 |     2 ||     7
Armor: Robe              |    20 |    15 |    25 |    29 |     6 ||    95
Dodge: Dodged            |    57 |    52 |   135 |   149 |    55 ||   448
       Deflected         |       |       |       |    10 |    12 ||    22
Block: Buckler           |       |       |     6 |    53 |    16 ||    75
       Rpst.: Falchion   |       |       |    26 |       |       ||    26

Table legend:
 A = Non-vault XP
 B = Vault XP
 C = Vault XP percentage of total XP
 D = Non-vault monster count
 E = Vault monster count
 F = Vault count percentage of total count
                 A         B        C        D         E       F
            +---------+---------+-------+---------+---------+-------
      Total |   35038 |   16945 |  32.6 |     357 |     124 |  25.8
            +---------+---------+-------+---------+---------+-------
        D:1 |      58 |       0 |   0.0 |      32 |       0 |   0.0
        D:2 |     114 |      36 |  24.0 |      27 |       1 |   3.6
        D:3 |     264 |       0 |   0.0 |      41 |       0 |   0.0
        D:4 |     164 |     362 |  68.8 |      20 |       8 |  28.6
        D:5 |     893 |      21 |   2.3 |      13 |       5 |  27.8
        D:6 |     754 |      18 |   2.3 |      17 |       1 |   5.6
        D:7 |     661 |     223 |  25.2 |      17 |       2 |  10.5
        D:8 |    1250 |       0 |   0.0 |      21 |       0 |   0.0
        D:9 |    1263 |      88 |   6.5 |      25 |       1 |   3.8
       D:10 |    1695 |    1471 |  46.5 |      24 |      12 |  33.3
       D:11 |    7231 |    4718 |  39.5 |      30 |      17 |  36.2
       D:12 |    3113 |     632 |  16.9 |      21 |       1 |   4.5
       D:13 |    6202 |    6491 |  51.1 |      29 |      17 |  37.0
       D:14 |    4405 |     121 |   2.7 |      17 |       1 |   5.6
       D:15 |    6971 |    1769 |  20.2 |      23 |       3 |  11.5
      Sewer |       0 |     701 | 100.0 |       0 |      28 | 100.0
    Ossuary |       0 |     294 | 100.0 |       0 |      27 | 100.0
            +---------+---------+-------+---------+---------+-------
